 Dungeon Crawl Stone Soup version 0.22.0-38-g04b72b8 (webtiles) character file.

604 harcile the Chopper (level 7, -1/62 HPs)
             Began as a Hill Orc Berserker on Aug 30, 2018.
             Was a Priest of Trog.
             Slain by Sigmund
             ... wielding a cursed +0 scythe
              (9 damage)
             ... on level 4 of the Dungeon.
             The game lasted 00:08:26 (3269 turns).

harcile the Chopper (Hill Orc Berserker)            Turns: 3269, Time: 00:08:27

Health: -1/62      AC:  9    Str: 22    XL:     7   Next: 42%
Magic:  7/7        EV: 14    Int:  7    God:    Trog [***...]
Gold:   252        SH:  3    Dex: 15    Spells: 6/6 levels left

rFire    . . .     SeeInvis .   a - +0 hand axe
rCold    . . .     Gourm    .   x - +0 buckler
rNeg     . . .     Faith    .   k - +0 chain mail
rPois    .         Spirit   .   (no helmet)
rElec    .         Reflect  .   (no cloak)
rCorr    .         Harm     .   (no gloves)
MR       .....                  (no boots)
Stlth    ..........             (no amulet)
HPRegen  0.20/turn              (no ring)
MPRegen  0.10/turn              (no ring)

@: agile, berserk cooldown, slowed, very slow
A: no striking features
a: Berserk, Trog's Hand, Renounce Religion


You were on level 4 of the Dungeon.
You worshipped Trog.
Trog was most pleased with you.
You were very hungry.

You visited 1 branch of the dungeon, and saw 4 of its levels.
You also visited: Sewer.

You collected 252 gold pieces.

Inventory:

Hand Weapons
 a - a +0 hand axe (weapon)
Armour
 k - a +0 chain mail (worn)
 s - a +0 buckler
 x - a +0 buckler (worn)
Magical Staves
 q - an uncursed staff of earth
Jewellery
 m - an uncursed ring of teleportation
Wands
 t - a wand of random effects (26)
Scrolls
 f - a scroll of fog
 h - 2 scrolls of remove curse
 j - 2 scrolls of teleportation {unknown}
 p - a scroll of enchant armour {unknown}
 u - 3 scrolls of amnesia {unknown}
 v - 3 scrolls of immolation {unknown}
 y - 2 scrolls of identify
Potions
 e - a potion of mutation
 g - a potion of flight {unknown}
 l - a potion of magic {unknown}
 n - 4 potions of brilliance {unknown}
 o - a potion of heal wounds {unknown}
 r - a potion of berserk rage {unknown}
 w - a potion of degeneration {unknown}
Comestibles
 b - a chunk of flesh
 c - 11 rations


   Skills:
 + Level 5.7 Fighting
 + Level 7.8 Axes
 + Level 2.8 Armour
 + Level 3.3 Dodging
 + Level 1.3 Stealth
 + Level 0.2 Shields


You had 6 spell levels left.
You didn't know any spells.
Your spell library was empty.

Dungeon Overview and Level Annotations

Branches:
Dungeon (4/15)
 Temple: D:4-7

Altars:
Elyvilon
Makhleb
Yredelemnul

Annotations:
D:4 Sigmund


Message History

You barely miss something. Something hits you!
* * * LOW HITPOINT WARNING * * *
Your shield and chain mail prevent you from hitting something.
You hear some strange, mumbled words.
You are confused.
You bump into the rock wall.
Something hits you.
* * * LOW HITPOINT WARNING * * *
Something hits you but does no damage. Something hits you but does no damage.
You hit something but do no damage. Something hits you!
* * * LOW HITPOINT WARNING * * *
You bump into the rock wall.
You feel less confused. Something hits you.
* * * LOW HITPOINT WARNING * * *
You feel better. Something hits you!
* * * LOW HITPOINT WARNING * * *
You feel agile all of a sudden. Something hits you!
You die...

##..##...#### ..
##.#..#..... #..
.####......#### #..
.........#..# #..#
.#####..#...# ...#
#....#.#### # #..
#.#........ #.#.{##
#...##...##
###....@######..## ##.##
.....?....##...######.#.
.$.!....#...............
........#......######...
..........###..# ###..#
....!...### #..## #.....
........# #>..###.....
##.#...## #.#...#.....
#.#.## #.###..)....


There were no monsters in sight!

Vanquished Creatures
  Grinder (D:3)
  Menkaure (D:4)
  Purgy (Sewer)
  A scorpion (D:4)
  5 adders
  2 oozes
  2 worms
  A dart slug (D:2)
  2 leopard geckos
  2 giant cockroaches
  11 goblins
  12 hobgoblins
  8 jackals (D:3)
  A quokka (D:3)
  2 ball pythons
  14 bats
  9 frilled lizards
  4 kobolds
  5 rats
84 creatures vanquished.

Vanquished Creatures (others)
  A frilled lizard (D:1)
1 creature vanquished.

Grand Total: 85 creatures vanquished

Notes
Turn   | Place    | Note
-------+----------+-------------------------------------------
     0 | D:1      | harcile the Hill Orc Berserker began the quest for the Orb.
     0 | D:1      | Reached XP level 1. HP: 19/19 MP: 1/1
   210 | D:1      | Reached XP level 2. HP: 27/27 MP: 2/2
   643 | D:1      | Reached XP level 3. HP: 33/33 MP: 3/3
   840 | D:2      | Reached ** piety under Trog
  1218 | D:2      | Reached XP level 4. HP: 26/41 MP: 4/4
  1569 | D:2      | Reached skill level 5 in Axes
  1801 | D:3      | Found a glowing drain.
  1816 | Sewer    | Entered a sewer
  2012 | Sewer    | Noticed Purgy
  2023 | Sewer    | Killed Purgy
  2023 | Sewer    | Reached skill level 5 in Fighting
  2023 | Sewer    | Reached XP level 5. HP: 38/48 MP: 5/5
  2146 | D:3      | Noticed Grinder
  2165 | D:3      | Killed Grinder
  2165 | D:3      | Reached skill level 6 in Axes
  2165 | D:3      | Reached skill level 1 in Stealth
  2165 | D:3      | Reached XP level 6. HP: 15/56 MP: 6/6
  2417 | D:3      | Reached skill level 7 in Axes
  2425 | D:3      | Found a basalt altar of Yredelemnul.
  2576 | D:3      | Found a white marble altar of Elyvilon.
  2905 | D:3      | Reached *** piety under Trog
  2997 | D:3      | Reached XP level 7. HP: 61/61 MP: 7/7
  3023 | D:3      | Found a burning altar of Makhleb.
  3237 | D:4      | Noticed Menkaure
  3241 | D:4      | Noticed Sigmund
  3246 | D:4      | Killed Menkaure
  3269 | D:4      | Slain by Sigmund

Skill      XL: |  1  2  3  4  5  6 |
---------------+-------------------+-----
Fighting       | 4 5 |  5.7
Dodging        | 2 3 |  3.3
Axes           | 5 6 7 |  7.8
Stealth        | 1 |  1.3
Armour         | |  2.8
Shields        | |  0.2

Action                   |  1- 3 |  4- 6 |  7- 9 || total
-------------------------+-------+-------+-------++-------
Melee: Hand axe          |   108 |   155 |    28 ||   291
Invok: Berserk           |     2 |     3 |     2 ||     7
  Use: Scroll            |       |     7 |       ||     7
       Potion            |       |       |     2 ||     2
 Stab: Sleeping          |       |     1 |       ||     1
  Eat: Chunk             |     3 |     8 |     2 ||    13
Armor: Animal skin       |    17 |    23 |       ||    40
       Chain mail        |       |    28 |     6 ||    34
Dodge: Dodged            |    57 |    97 |     8 ||   162
Block: Buckler           |       |     6 |     1 ||     7
